 Dungeon Crawl Stone Soup version 0.29-a0-998-g1987434951 (webtiles) character file.

Game seed: 11857793859937702524

2602 xian the Basher (level 9, 0/117 HPs)
             Began as a Minotaur Fighter on Aug 6, 2022.
             Was an Initiate of Wu Jian.
             Slain by a hornet (5 damage)
             ... while paralysed by a hornet
             ... on level 7 of the Dungeon.
             The game lasted 00:17:30 (4765 turns).

xian the Basher (Minotaur Fighter)                  Turns: 4765, Time: 00:17:30

Health: 0/117      AC: 17    Str: 25    XL:     9   Next: 33%
Magic:  17/17      EV:  2    Int:  5    God:    Wu Jian [......]
Gold:   267        SH:  0    Dex: 14    Spells: 8/8 levels left

rFire   . . .      SeeInvis +   H - +2 falchion (holy)
rCold   . . .      Faith    .   c - +0 buckler
rNeg    . . .      Spirit   .   E - +1 plate armour of a Gauntlet {-Tele +Inv Fly Dex+4}
rPois   .          Reflect  .   (helmet restricted)
rElec   .          Harm     .   t - +0 cloak
rCorr   .          Rampage  .   g - +0 pair of gloves
Will    .....      NoTele   +   (no boots)
Stlth   ..........              (no amulet)
HPRegen 0.29/turn               r - ring of see invisible
MPRegen 0.15/turn               C - ring of magical power

@: paralysed, mighty, berserking, lethally poisoned (0 -> -10), flying, slowed
A: horns 2, retaliatory headbutt
a: Renounce Religion, Evoke Invisibility


You were on level 7 of the Dungeon.
You worshipped Wu Jian.
Wu Jian was noncommittal.
You visited 2 branches of the dungeon, and saw 8 of its levels.

You collected 267 gold pieces.

Inventory:

Hand Weapons
 H - a +2 falchion of holy wrath (weapon)
Missiles
 b - a silver boomerang
 h - 8 atropa-tipped darts
 l - 8 javelins (quivered)
Armour
 c - a +0 buckler (worn)
 g - a +0 pair of gloves (worn)
 t - a +0 cloak (worn)
 E - the +1 plate armour of a Gauntlet (worn) {-Tele +Inv Fly Dex+4}
   (You found it on level 5 of the Dungeon)

   Dex:       It affects your dexterity (+4).
   +Inv:      It lets you turn invisible.
   Fly:       It grants you flight.
   -Tele:     It prevents most forms of teleportation.
Jewellery
 r - a ring of see invisible (left hand)
 C - a ring of magical power (right hand)
 F - a ring of willpower
Scrolls
 f - a scroll of enchant weapon {unknown}
 i - a scroll of silence {unknown}
 j - 5 scrolls of magic mapping
 m - 3 scrolls of teleportation
 n - a scroll of amnesia {unknown}
 o - 2 scrolls of fear
 q - a scroll of enchant armour {unknown}
 s - a scroll of blinking
 u - a scroll of noise {unknown}
 y - a scroll of torment
 z - a scroll of immolation {unknown}
 B - a scroll of vulnerability {unknown}
 G - a scroll of fog {unknown}
Potions
 a - 2 potions of degeneration {unknown}
 d - a potion of might
 e - a potion of flight {unknown}
 p - 2 potions of cancellation
 v - a potion of lignification {unknown}
 w - 3 potions of curing
 x - a potion of attraction {unknown}
 A - a potion of magic {unknown}
 D - a potion of heal wounds {unknown}


   Skills:
 + Level 6.7 Fighting
 + Level 1.0 Long Blades
 + Level 8.9 Maces & Flails
 + Level 2.7 Polearms
 + Level 4.4 Throwing
 + Level 7.7 Armour
 + Level 1.8 Dodging
 + Level 1.2 Stealth
 + Level 6.4 Shields


You had 8 spell levels left.
You didn't know any spells.
Your spell library contained the following spells:

 Spells                   Type           Power      Damage    Failure   Level
 Scorch                   Fire           0%         2d5       100%        2
 Sublimation of Blood     Necr           0%         N/A       100%        2
 Wereblood                Tmut           0%         N/A       100%        2
 Tukima's Dance           Hex            0%         N/A       100%        3
 Flame Wave               Conj/Fire      0%         2d4       100%        4
 Passage of Golubria      Tloc           0%         N/A       100%        4
 Summon Lightning Spire   Summ/Air       0%         N/A       100%        4
 Yara's Violent Unravell  Hex/Tmut       0%         3d3       100%        5
 Summon Cactus Giant      Summ           0%         N/A       100%        6
 Storm Form               Tmut/Air       0%         N/A       100%        7
 Summon Hydra             Summ           0%         N/A       100%        7
 Maxwell's Capacitive Co  Air            0%         ∞         100%        8


Dungeon Overview and Level Annotations

Branches:
Dungeon (7/15)             Temple (1/1) D:6

Altars:
Ashenzari
Dithmenos
Fedhas
Gozag
Hepliaklqana
Kikubaaqudgha
Makhleb
Nemelex Xobeh
Qazlal
Ru
Sif Muna
Wu Jian
Xom
Yredelemnul
Zin
The Shining One

Shops:
D:3 (

Annotations:
D:4 3 runed translucent doors, Jouster's ghost, novice DrBe; coolguy69's ghost, amateur VSMo
Temple 2 transporters


Innate Abilities, Weirdness & Mutations

You have a pair of horns on your head.
You reflexively headbutt those who attack you in melee.


Message History

* * * LOW HITPOINT WARNING * * *
You feel as though you will be slow longer.
You closely miss the hornet. Your headbutt misses the hornet.
The hornet is heavily wounded.
The hornet stings you but does no damage.
You block the hornet's attack. The hornet barely misses you.
You slash the hornet!
The hornet is almost dead.
The hornet stings you.
* * * LOW HITPOINT WARNING * * *
You are poisoned.
You feel as though you will be slow longer.
You block the hornet's attack.
The hornet stings you but does no damage.
You cannot teleport because you are wearing the +1 plate armour of a Gauntlet {-Tele +Inv Fly Dex+4}.
Okay, then.
You feel better. The hornet stings you!
* * * LOW HITPOINT WARNING * * *
You are poisoned.
You feel as though you will be slow longer.
The hornet stings you but does no damage.
A red film seems to cover your vision as you go berserk!
You feel yourself moving faster!
You feel mighty!
You feel very sick. The hornet stings you.
* * * LOW HITPOINT WARNING * * *
You are lethally poisoned!
You suddenly lose the ability to move!
The hornet stings you.
* * * LOW HITPOINT WARNING * * *
You feel as though you will be slow longer.
The hornet stings you.
* * * LOW HITPOINT WARNING * * *
You feel as though you will be slow longer.
* * * LOW HITPOINT WARNING * * *
You feel very sick. The hornet barely misses you.
* * * LOW HITPOINT WARNING * * *
You feel very sick. The hornet stings you.
You die...

..#.#####.#
#########.###
#......)....#
#####.###...#...#
#...#.# #.#.#####
#...#.# #.#...
#...#.###.#####
#.###...#.....#
#......@y...###
#####[..###.#
#...# .# ##### .#
. .


You could see a hornet.

Vanquished Creatures
  Maggie (D:7)
  Sigmund (D:4)
  An acid dragon (D:7)
  2 water moccasins (D:6)
  An orc warrior (D:6)
  A sky beast (D:5)
  An ice beast (D:5)
  3 ogres
  A centaur (D:6)
  5 scorpions
  2 bullfrogs
  A wight (D:7)
  3 orc priests
  4 jellies
  2 hounds
  2 gnoll boudas
  2 iguanas
  5 orc wizards
  6 gnolls
  7 adders
  A shadow imp (D:5)
  5 worms
  3 dart slugs
  28 orcs
  3 ball pythons
  7 bats
  8 endoplasms
  3 giant cockroaches
  7 goblins
  5 hobgoblins
  7 frilled lizards
  4 kobolds
  5 rats
137 creatures vanquished.

Vanquished Creatures (others)
  3 withered plants (D:4)
3 creatures vanquished.

Grand Total: 140 creatures vanquished

Notes
Turn   | Place    | Note
-------+----------+-------------------------------------------
     0 | D:1      | xian the Minotaur Fighter began the quest for the Orb.
     0 | D:1      | Reached XP level 1. HP: 19/19 MP: 0/0
    89 | D:1      | Reached XP level 2. HP: 27/27 MP: 1/1
   571 | D:2      | Reached XP level 3. HP: 31/33 MP: 2/2
   801 | D:2      | Found a faded altar of an unknown god.
  1050 | D:3      | Reached skill level 3 in Maces & Flails
  1050 | D:3      | Reached XP level 4. HP: 29/41 MP: 3/3
  1164 | D:3      | Noticed a bullfrog
  1170 | D:3      | Killed a bullfrog
  1305 | D:3      | Reached XP level 5. HP: 36/47 MP: 4/4
  1561 | D:3      | Reached skill level 4 in Maces & Flails
  1642 | D:3      | Found Maganot's Antique Weapon Boutique.
  1696 | D:3      | You fall into a shaft and drop 1 floor!
  1715 | D:4      | Reached skill level 5 in Fighting
  1715 | D:4      | Reached skill level 5 in Armour
  1715 | D:4      | Reached XP level 6. HP: 49/56 MP: 5/5
  1790 | D:4      | Found a sparkling altar of Nemelex Xobeh.
  1854 | D:4      | Noticed Sigmund
  1873 | D:4      | Killed Sigmund
  1874 | D:4      | Reached skill level 5 in Maces & Flails
  2032 | D:4      | Found a runed translucent gate.
  2032 | D:4      | Found a runed translucent gate.
  2033 | D:4      | Found a runed translucent gate.
  2034 | D:4      | Noticed Jouster's ghost (novice DrBe)
  2034 | D:4      | Noticed coolguy69's ghost (amateur VSMo)
  2073 | D:4      | Found a burning altar of Makhleb.
  2107 | D:4      | Reached skill level 6 in Maces & Flails
  2107 | D:4      | Reached skill level 1 in Dodging
  2107 | D:4      | Reached XP level 7. HP: 57/61 MP: 6/6
  2129 | D:4      | Reached skill level 5 in Shields
  2256 | D:5      | Entered Level 5 of the Dungeon
  2458 | D:5      | Reached skill level 7 in Maces & Flails
  2538 | D:5      | Identified the +1 plate armour of a Gauntlet {-Tele +Inv
                  | Fly Dex+4}
  2571 | D:5      | Found a glowing golden altar of the Shining One.
  2752 | D:5      | Found a shadowy altar of Dithmenos.
  2761 | D:5      | Reached XP level 8. HP: 68/70 MP: 7/7
  2800 | D:5      | Reached skill level 8 in Maces & Flails
  3075 | D:6      | Reached skill level 1 in Throwing
  3270 | D:6      | Found a broken altar of Ashenzari.
  3281 | D:6      | Reached skill level 1 in Stealth
  3417 | D:6      | Found a staircase to the Ecumenical Temple.
  3509 | Temple   | Entered the Ecumenical Temple
  3509 | Temple   | Found a transporter.
  3509 | Temple   | Found a transporter.
  3511 | Temple   | Found a transporter.
  3511 | Temple   | Found a transporter.
  3542 | Temple   | Became a worshipper of the Wu Jian Council
  3793 | D:6      | Reached skill level 1 in Polearms
  3807 | D:6      | Reached XP level 9. HP: 50/77 MP: 8/8
  4154 | D:7      | Noticed Maggie
  4170 | D:7      | HP: 3/117 [Maggie/bolt of fire (10)]
  4171 | D:7      | Killed Maggie
  4641 | D:7      | Reached skill level 1 in Long Blades
  4756 | D:7      | Paralysed by a hornet for 3 turns
  4763 | D:7      | Paralysed by a hornet for 3 turns
  4765 | D:7      | HP: 5/117 [poisoned by a hornet]
  4765 | D:7      | Slain by a hornet

Illustrated notes

Levels and vault maps discovered:
D:1:      giann_forest_graveyard, layout_rooms, chequers_serial_rivers_micro_d,
          bh_walls_and_bars
D:2:      layout_rooms, dreamdust_ecumenical_altar_statues
D:3:      layout_basic, serial_shops, nicolae_shop_hallway_stairs,
          chequers_serial_rivers_small_a
D:4:      layout_gridville, kennysheep_little_box,
          mainiacjoe_overflow_cross_hatched, gammafunk_ghost_cemetery,
          uniq_sigmund
D:5:      layout_basic, mainiacjoe_overflow_alcove_1,
          nicolae_dithmenos_shadow_blocks
D:6:      layout_loops_cross, cheibrodos_ashenzari_chains,
          minmay_temple_entry_waves, minmay_misc_feat_enclosed,
          grunt_ministairs_9
D:7:      layout_basic, nicolae_uskayaw_murder_on_the_dancefloor,
          uniq_prince_ribbit1, uniq_maggie
Temple:   hellmonk_temple_divided_pantheon

Skill      XL: |  1  2  3  4  5  6  7  8  9 |
---------------+----------------------------+-----
Fighting       | 4 5 6 |  6.7
Armour         | 4 5 7 |  7.7
Shields        | 4 5 6 |  6.4
Maces & Flails | 3 4 6 7 8 |  8.9
Dodging        | 1 |  1.8
Throwing       | 3 4 |  4.4
Stealth        | 1 |  1.2
Polearms       | 1 2 |  2.7
Long Blades    | 1 |  1.0

Action                   |  1- 3 |  4- 6 |  7- 9 || total
-------------------------+-------+-------+-------++-------
Melee: Flail             |    75 |    70 |    87 ||   232
       Headbutt          |    22 |     7 |    30 ||    59
       Trident           |       |       |    26 ||    26
       Falchion          |       |       |    40 ||    40
Throw: Javelin           |       |       |    60 ||    60
       Boomerang         |       |       |     4 ||     4
Invok: Lunge             |       |       |     6 ||     6
  Use: Scroll            |     1 |     2 |     5 ||     8
       Potion            |       |       |     5 ||     5
Armor: Scale mail        |    38 |    10 |       ||    48
       Ring mail         |       |    12 |       ||    12
       Plate armour      |       |       |   131 ||   131
Dodge: Dodged            |    32 |    40 |    58 ||   130
Block: Buckler           |    24 |    15 |    51 ||    90

Table legend: (Time is in decaauts)
 A = Elapsed time spent in this place.
 B = Non-inter-level travel time spent in this place.
 C = Inter-level travel time spent in this place.
 D = Time resting spent in this place.
 E = Time spent auto-exploring this place.
 F = Levels seen in this place.
 G = Mean time per level.
                   A        B        C        D        E       F      G
               +--------+--------+--------+--------+--------+-----+--------+
         Total |   4867 |   4770 |     97 |      0 |   3159 |   8 |  608.4 |
       Dungeon |   4812 |   4715 |     97 |      0 |   3159 |   7 |  687.4 |
        Temple |     54 |     54 |      0 |      0 |      0 |   1 |   54.0 |
               +--------+--------+--------+--------+--------+-----+--------+

Top non-repeatable levels by time:
     D:6: 1042 daAuts
     D:5: 817 daAuts
     D:3: 679 daAuts
     D:7: 654 daAuts
     D:1: 569 daAuts
     D:4: 569 daAuts
     D:2: 478 daAuts
  Temple: 54 daAuts
